Unix NetHack Version 5.0.0-0 post-release - last build Jun 10 2026 00:39:30 (3ee93aec679c4c4259841fe613dc97188e26a321,branch:main).

Game began 2026-07-09 11:47:39, ended 2026-07-09 17:17:29.

Anarchos, chaotic female orcish Wizard

                                      -----        ------------
                     -------------    |{...###     |..........|
                     |............#   |...|  ###   |..r.......|
   ------            |...........|#   |..>|    ####...........|
   |.....#           |...........|#   ---.-        ---|--.-----
   |....|#           ----------.--#      #            ######
   |....|#                    ##  #      ###             ####
   |....|#                    #   #        #               ##
   |....|#####          #######   #        #               ###
   |....|    #         ##         ## `#### ##              #
   ------    #      ####           # ----.--.-          ---|-      -|---
             ####---.-----------   # |<(.....|          |...-##    |...|
                #-.............|   # |.......|          |.d.| #    |.Ef+
                 |............[.#####-.......|          |...| #####...@|
                 |.............|     ---------          |...|      -----
                 ---------------                        -----

Anarchos the Conjurer     St:9 Dx:16 Co:15 In:16 Wi:11 Ch:9  Chaotic
Dlvl:5  $:0  HP:0(30) Pw:27(39) AC:1  Xp:5 T:3132  Burdened

Latest messages:
 The rothe bites!
 The rothe bites again!
 You hit the rothe!
 The rothe hits!
 The rothe misses!
 The rothe bites!
 In what direction? 2
 The spell hits the rothe!
 You kill the rothe!
 You hit the gray ooze.
 You hit the gray ooze.
 You kill the gray ooze!
 Your kitten eats a rothe corpse.
 What do you want to dip? [a-kmnp-vx-zB-FHKQ-T or ?*] p
 Dip an unlabeled scroll into the sink? [yn] (n) n
 What do you want to dip an unlabeled scroll into? [fhR or ?*] <esc>
 Never mind.
 What do you want to dip? [a-kmnp-vx-zB-FHKQ-T or ?*] ?
 Dip an unlabeled scroll into the sink? [yn] (n) y
 You hold the unlabeled scroll under the tap.
 Nothing seems to happen.
 Dip an unlabeled scroll into the sink? y
 You hold the unlabeled scroll under the tap.
 Nothing seems to happen.
 Dip an unlabeled scroll into the sink? y
 You hold the unlabeled scroll under the tap.
 Nothing seems to happen.
 Dip an unlabeled scroll into the sink? y
 You hold the unlabeled scroll under the tap.
 Nothing seems to happen.
 Dip an unlabeled scroll into the sink? y
 You hold the unlabeled scroll under the tap.
 Nothing seems to happen.
 Dip an unlabeled scroll into the sink? y
 You hold the unlabeled scroll under the tap.
 Nothing seems to happen.
 Dip an unlabeled scroll into the sink? y
 You hold the unlabeled scroll under the tap.
 Nothing seems to happen.
 Drink from the sink? [yn] (n) y
 The water moves as though of its own will!
 In what direction? 7
 The magic missile hits the water elemental!
 The magic missile bounces!
 The water elemental hits!
 You miss the water elemental.
 The water elemental hits!
 You die...
 Do you want your possessions identified? [ynq] (y) y
 Do you want to see your attributes? [ynq] (y) q

Inventory:
 Weapons  (')')
  u - 11 cursed +0 elven arrows
  H - a +0 orcish arrow
  B - a blessed +0 crossbow
  T - 12 cursed +0 darts
  y - a +2 dagger (at the ready)
  F - the +0 Sting
  a - a blessed +1 quarterstaff (weapon in hands)
 Armor    ('[')
  m - an uncursed +0 orcish helm
  b - an uncursed +2 cloak of magic resistance (being worn)
  v - an uncursed +0 dwarvish cloak
  w - an uncursed +0 splint mail (being worn)
 Scrolls  ('?')
  p - a cursed scroll of blank paper
  j - a blessed scroll of create monster
  E - a blessed scroll of genocide
  k - an uncursed scroll of genocide
  S - an uncursed scroll of identify
  t - 2 uncursed scrolls of light
  i - an uncursed scroll of scare monster
 Potions  ('!')
  f - an uncursed potion of invisibility
  R - a blessed potion of levitation
  h - an uncursed potion of monster detection
 Rings    ('=')
  d - an uncursed ring of fire resistance
  e - an uncursed ring of free action (on right hand)
  z - a cursed ring of hunger
  q - a blessed +1 ring of increase damage
  C - a cursed -1 ring of increase damage
  g - an uncursed ring of slow digestion (on left hand)
 Wands    ('/')
  r - a wand of digging (0:8)
  x - a cursed wand of digging (0:7)
  Q - a wand of enlightenment (0:14)
  s - a wand of light (0:15)
  c - a wand of slow monster (0:6)
 Tools    ('(')
  K - an uncursed sack containing 6 items
  D - an empty cursed sack
  n - a magic marker (0:21)

Contents of the sack:
  147 gold pieces
  a blessed spellbook of force bolt
  an uncursed spellbook of healing
  an uncursed spellbook of magic missile
  an uncursed worthless piece of blue glass
  an uncursed worthless piece of white glass

Anarchos the Wizard's attributes:

Background:
 You were a Conjurer, a level 5 female orcish Wizard.
 You were chaotic, nominally on a mission for Anhur
 who was opposed by Ptah (lawful) and Thoth (neutral).
 You were right-handed.
 You were in the Dungeons of Doom, on level 5.
 You entered the dungeon 3132 turns ago.
 You had 182 experience points, 138 more were needed to attain level 6.

Basics:
 You had 0 out of 30 hit points.
 You had 27 out of 39 energy points (spell power).
 Your armor class was 1.
 Your wallet was empty, but
 you had 147 zorkmids stashed away in your pack.
 Autopickup was on for all types.

Final Characteristics:
 Your strength was 9 (limit:18/50).
 Your dexterity was 16 (limit:18).
 Your constitution was 15 (limit:18).
 Your intelligence was 16 (limit:16).
 Your wisdom was 11 (limit:16).
 Your charisma was 9 (limit:16).

Final Status:
 You weren't hungry.
 You were burdened; movement was slightly slowed.
 You were wielding a quarterstaff.
 You had basic skill with quarterstaff.

Final Attributes:
 You were piously aligned.
 You were magic-protected.
 You were poison resistant.
 You had infravision.
 You had slower digestion.
 You were warded.
 Your spell casting was impaired by metallic armor.
 You had free action.
 You are dead.

Miscellaneous:
 You didn't encounter any bones levels.
 Total elapsed playing time was 2 hours, 32 minutes and 28 seconds.

Major events:
 Turn
    1: Anarchos the chaotic female orcish Wizard entered the dungeon
  813: attained the rank of Conjurer (level 3)
 1216: chose a runed dagger to be named "Sting"
 3132: killed by a water elemental

Spells:
 Name                 Level Category     Fail Retention
 force bolt             1   attack        22%   81%-90%
 magic missile          2   attack         0%   81%-90%

Skills:
 Fighting Skills
   bare handed combat [Unskilled]
   riding             [Unskilled]
 Weapon Skills
   dagger             [Unskilled]
   knife              [Unskilled]
   axe                [Unskilled]
   short sword        [Unskilled]
   club               [Unskilled]
   mace               [Unskilled]
   quarterstaff       [Basic]
   polearms           [Unskilled]
   spear              [Unskilled]
   trident            [Unskilled]
   sling              [Unskilled]
   dart               [Unskilled]
   shuriken           [Unskilled]
 Spellcasting Skills
   attack spells      [Basic]
   healing spells     [Unskilled]
   divination spells  [Unskilled]
   enchantment spells [Basic]
   clerical spells    [Unskilled]
   escape spells      [Unskilled]
   matter spells      [Unskilled]

Voluntary challenges:
 Character rerolling was not enabled.
 You were an atheist.
 You never genocided any monsters.
 You never polymorphed an object.
 You never changed form.
 You used no wishes.
Achievements:
 You entered a shop.
 You attained the rank of Conjurer.

 The Dungeons of Doom: levels 1 to 5
    Level 1:
       A sink.
    Level 2:
       A vegetarian food shop, a sink.
    Level 3:
       A weapon shop, a sink.
    Level 4:
       A general store.
    Level 5: <- You were here.
       A fountain, a sink.
       Final resting place for
          you, killed by a water elemental.


Vanquished creatures:
  a fog cloud
  a gnome leader
  a gray ooze
  a kobold leader
  a rothe
  a rabid rat
  2 giant bats
 an orc zombie
  a dwarf zombie
  a wererat
  a werejackal
 an acid blob
  a coyote
  a gas spore
  2 hobbits
  a hobgoblin
  3 giant rats
  3 geckos
  2 jackals
  a fox
  a kobold
  a sewer rat
 12 grid bugs
  4 lichens
  2 kobold zombies
  4 newts
51 creatures vanquished.

No species were genocided or became extinct.

Game over:
                       ----------
                      /          \
                     /    REST    \
                    /      IN      \
                   /     PEACE      \
                  /                  \
                  |     Anarchos     |
                  |      147 Au      |
                  |   killed by a    |
                  | water elemental  |
                  |                  |
                  |                  |
                  |       2026       |
                 *|     *  *  *      | *
        _________)/\\_//(\/(/\)/\//\/|_)_______

Goodbye Anarchos the Wizard...

You died in The Dungeons of Doom on dungeon level 5 with 1071 points,
and 147 pieces of gold, after 3132 moves.
You were level 5 with a maximum of 30 hit points when you died.

